 Dungeon Crawl Stone Soup version 0.27-a0-1391-g48c30b3128 (webtiles) character file.

Game seed: 14162441711921525468

6288 Froggeryz the Covert (level 10, 0/64 HPs)
             Began as an Octopode Berserker on July 1, 2021.
             Was a High Priest of Trog.
             Shot with an arrow by a centaur warrior (15 damage)
             ... on level 9 of the Dungeon.
             The game lasted 00:07:44 (8833 turns).

Froggeryz the Covert (Octopode Berserker)           Turns: 8833, Time: 00:07:45

Health: 0/64       AC:  1    Str: 22    XL:     10   Next: 94%
Magic:  10/10      EV: 18    Int: 17    God:    Trog [*****.]
Gold:   319        SH:  6    Dex: 19    Spells: 9/9 levels left

rFire    + . .     SeeInvis .   v - +5 dagger "Pucw" {vorpal, rF+ rC- Int+7 Dex+4}
rCold    . . .     Faith    .   J - +0 buckler
rNeg     + . .     Spirit   .   (helmet restricted)
rPois    .         Reflect  .   j - amulet of the acrobat
rElec    .         Harm     .   u - +6 ring of strength
rCorr    .         Rampage  .   q - ring of ice
Will     ++...                  w - ring of positive energy
Stlth    ++++++....             B - ring of protection from fire
HPRegen  1.20/turn              (no ring)
MPRegen  0.12/turn              (no ring)
                                (no ring)
                                (no ring)

@: strong-willed, regenerating
A: almost no armour, amphibious, 8 rings, camouflage 1, gelatinous body 1,
(nimble swimmer 1), tentacles
a: Renounce Religion, Berserk, Trog's Hand, Brothers in Arms


You were on level 9 of the Dungeon.
You worshipped Trog.
Trog was extremely pleased with you.
You visited 1 branch of the dungeon, and saw 9 of its levels.
You also visited: Ossuary.

You collected 319 gold pieces.

Inventory:

Hand Weapons
 k - a +1 dagger of venom
 v - the +5 dagger "Pucw" (weapon) {vorpal, rF+ rC- Int+7 Dex+4}
   (You found it on level 4 of the Dungeon)

   It inflicts extra damage upon your enemies.
   Int:       It affects your intelligence (+7).
   Dex:       It affects your dexterity (+4).
   rF:        It protects you from fire.
   rC:        It makes you vulnerable to cold.
 K - a +0 short sword of electrocution
Missiles
 z - 2 throwing nets (quivered)
 A - 9 poisoned darts
Armour
 J - a +0 buckler (worn)
Jewellery
 j - an amulet of the acrobat (around mantle)
 q - a ring of ice (right tentacle)
 u - a +6 ring of strength (left tentacle)
 w - a ring of positive energy (on tentacle)
 B - a ring of protection from fire (on tentacle)
 F - a ring of ice
Wands
 b - a wand of iceblast (18)
 M - a wand of acid (5)
Scrolls
 d - a scroll of blinking {unknown}
 e - 3 scrolls of enchant armour {unknown}
 h - 13 scrolls of identify {unknown}
 i - 2 scrolls of magic mapping {unknown}
 l - 5 scrolls of teleportation {unknown}
 n - 4 scrolls of amnesia {unknown}
 s - 2 scrolls of fog {unknown}
 t - a scroll of fear {unknown}
 y - a scroll of immolation {unknown}
 E - a scroll of holy word {unknown}
 G - 2 scrolls of noise {unknown}
 I - 2 scrolls of silence {unknown}
Potions
 a - a potion of attraction {unknown}
 c - 2 potions of heal wounds {unknown}
 f - 4 potions of ambrosia {unknown}
 g - 4 potions of might {unknown}
 m - 6 potions of curing
 o - 3 potions of degeneration {unknown}
 p - 2 potions of berserk rage {unknown}
 r - 3 potions of lignification {unknown}
 x - 3 potions of haste {unknown}
 C - 3 potions of magic {unknown}
 D - 3 potions of brilliance {unknown}
 H - a potion of mutation {unknown}
 L - a potion of flight {unknown}


   Skills:
 - Level 4.3 Fighting
 - Level 10.2 Short Blades
 + Level 4.1 Throwing
 + Level 8.0 Dodging
 - Level 10.5 Stealth
 - Level 5.1 Shields


You had 9 spell levels left.
You didn't know any spells.
Your spell library was empty.

Dungeon Overview and Level Annotations

Branches:
Dungeon (9/15)             Temple (0/1) D:5         Ossuary (visited)
   Lair: D:8-11         Orc: D:9-12

Altars:
Ashenzari
Xom

Shops:
D:2 *   D:3 (


Innate Abilities, Weirdness & Mutations

You cannot wear most types of armour.
You are amphibious.
You can wear up to eight rings at the same time.
Your skin changes colour to match your surroundings (Stealth+).
Your rubbery body absorbs attacks. (AC +1, EV +1)
((You are camouflaged near water. (Stealth+)))
You have tentacles for arms and can constrict up to eight enemies at once.


Message History

A bullfrog and a zombie come into view.
A manticore comes into view.
The helpless centaur zombie fails to defend itself.
You perforate the centaur zombie like a sieve!!!!
You destroy the centaur zombie!
Trog accepts your kill.
Your Throwing skill increases to level 4!
The helpless bullfrog fails to defend itself.
You perforate the bullfrog like a sieve!!!!
You kill the bullfrog!
Trog accepts your kill.
Your Dodging skill increases to level 8!
No target in view!
No target in view!
A centaur warrior comes into view.
The centaur warrior shouts!
You hear a shout! x3
The centaur warrior wields a +0 longbow.
The centaur warrior shoots an arrow.
The arrow completely misses you.
The centaur warrior shoots an arrow.
The arrow hits you!
You hear a shout! x3
Found 19 gold pieces and 8 sling bullets.
You hear an angry hiss.
The centaur warrior shoots an arrow.
The arrow hits you!
A centaur warrior comes into view.
The centaur warrior shoots an arrow.
The arrow completely misses you.
The centaur warrior unwields a +0 longbow.
You block the centaur warrior's attack. The centaur warrior kicks you.
The manticore completely misses you. x3
Your skin crawls.
You feel strong-willed. The centaur warrior hits you!
The centaur warrior kicks you. The manticore bites you!!
* * * LOW HITPOINT WARNING * * *
The manticore barely misses you. You block the manticore's attack.
Okay, then.
Okay, then.
It was a potion of curing.
You feel better.
The centaur warrior wields a +0 shortbow.
The centaur warrior shoots an arrow.
The arrow hits you!
You die...

....######........
.....# ##.####....
.....###.##...####
.....##.#..# ###
##...#.#.#####..#
#....##.##...##
#....#.##.#...##
#....#..#..#.#.###.#
#....#..#...###@c.#
#.....##.#.###H.#..#
#..... #.##.#.#c.
#.# ...... ##.
#...#$# .# ......
z.#.#. #( .......#
.##...# #. .......#
##. .# # .......#
.### #.....#


You could see 2 centaur warriors and a manticore.

Vanquished Creatures
  Erica (D:9)
  A cyclops (D:6)
  Maggie (D:8)
  Prince Ribbit (D:8)
  Grinder (D:3)
  A shadow (D:8)
  5 yaks (D:8)
  A vampire mosquito (D:6)
  A hornet zombie (Ossuary)
  An ice beast (D:6)
  A black bear (D:5)
  A sky beast (D:6)
  An ogre (D:5)
  A centaur (D:6)
  A kobold brigand (D:9)
  2 gnoll sergeants
  3 bullfrogs
  3 wyvern zombies (Ossuary)
  4 scorpions
  5 water moccasin zombies (Ossuary)
  A wyvern skeleton (D:7)
  4 killer bees (D:9)
  8 wights (D:8)
  6 bullfrog zombies (Ossuary)
  8 centaur zombies
  2 hounds
  3 jellies
  A centaur skeleton (D:4)
  3 orc priests
  9 mummies (Ossuary)
  A scorpion zombie (D:5)
  2 orc wizards
  2 killer bee zombies
  2 howler monkey zombies (Ossuary)
  8 gnolls
  A howler monkey skeleton (D:6)
  6 adders
  An ufetubus (D:6)
  A worm (D:2)
  3 dart slugs
  10 orcs
  7 ball pythons
  3 bats
  8 endoplasms
  4 giant cockroaches
  5 goblins
  5 hobgoblins
  12 jackals
  4 quokkas
  5 frilled lizards
  8 kobolds
  23 rats
202 creatures vanquished.

Vanquished Creatures (others)
  7 withered plants (Ossuary)
7 creatures vanquished.

Grand Total: 209 creatures vanquished

Notes
Turn   | Place    | Note
-------+----------+-------------------------------------------
     0 | D:1      | Froggeryz the Octopode Berserker began the quest for the
                  | Orb.
     0 | D:1      | Reached XP level 1. HP: 16/16 MP: 1/1
    47 | D:1      | Found a faded altar of an unknown god.
   162 | D:1      | Reached skill level 1 in Stealth
   172 | D:1      | Reached XP level 2. HP: 21/21 MP: 2/2
   686 | D:1      | Reached XP level 3. HP: 26/26 MP: 3/3
  1087 | D:2      | Found Peotimo's General Store.
  1112 | D:2      | Reached ** piety under Trog
  1867 | D:3      | Found Siyc Gou's Weapon Boutique.
  1874 | D:3      | Reached XP level 4. HP: 27/31 MP: 4/4
  1892 | D:3      | Reached XP level 5. HP: 20/36 MP: 5/5
  2116 | D:3      | Reached skill level 5 in Short Blades
  2540 | D:3      | Found a broken altar of Ashenzari.
  2597 | D:3      | Noticed Grinder
  2611 | D:3      | Killed Grinder
  2612 | D:3      | Reached skill level 5 in Stealth
  2612 | D:3      | Reached XP level 6. HP: 40/42 MP: 6/6
  3110 | D:4      | Reached XP level 7. HP: 25/46 MP: 7/7
  3271 | D:4      | Reached *** piety under Trog
  3536 | D:4      | Identified the +5 dagger "Pucw" {vorpal, rF+ rC- Int+7
                  | Dex+4}
  4209 | D:5      | Entered Level 5 of the Dungeon
  4308 | D:5      | Found a staircase to the Ecumenical Temple.
  4675 | D:5      | Reached XP level 8. HP: 52/52 MP: 8/8
  4883 | D:5      | Reached **** piety under Trog
  5124 | D:6      | Found a sand-covered staircase.
  5131 | Ossuary  | Entered an ossuary
  5675 | Ossuary  | Reached XP level 9. HP: 56/56 MP: 9/9
  5839 | Ossuary  | Reached skill level 10 in Short Blades
  6146 | D:6      | Noticed a cyclops
  6150 | D:6      | Killed a cyclops
  6151 | D:6      | Reached skill level 10 in Stealth
  6648 | D:6      | Reached ***** piety under Trog
  6772 | D:7      | Reached skill level 5 in Dodging
  7200 | D:7      | Reached skill level 1 in Shields
  7625 | D:7      | Found a shimmering altar of Xom.
  7687 | D:8      | Noticed Maggie
  7699 | D:8      | Killed Maggie
  7700 | D:8      | Reached XP level 10. HP: 64/64 MP: 10/10
  7823 | D:8      | Noticed Prince Ribbit
  7826 | D:8      | Killed Prince Ribbit
  8444 | D:8      | Reached skill level 5 in Shields
  8458 | D:8      | Reached skill level 1 in Throwing
  8714 | D:9      | Noticed Erica
  8758 | D:9      | Killed Erica
  8823 | D:9      | Noticed a manticore
  8828 | D:9      | Noticed a centaur warrior
  8830 | D:9      | Noticed a centaur warrior
  8832 | D:9      | HP: 3/64 [manticore (19)]
  8833 | D:9      | Shot with an arrow by a centaur warrior

Illustrated notes

Levels and vault maps discovered:
D:1:      saegor_arrival_simple_c, layout_basic,
          hellmonk_ecumenical_altar_lost_god
D:2:      layout_basic, serial_shops, shop
D:3:      layout_basic, nicolae_overflow_crystal_walls, serial_shops,
          nicolae_diamond_shop, minmay_randomly_rotated_circles, uniq_grinder
D:4:      layout_basic, corexii_corridor_pit, minmay_rat_hole
D:5:      layout_gridville, minmay_temple_entry_sparse_star, hex_large,
          hangedman_decor_points
D:6:      layout_rooms, nicolae_ossuary_entry_plus, minmay_three_doors
D:7:      layout_basic, nicolae_overflow_hidden_temple, serial_glass,
          glass_columns_a, glass_columns_a, glass_columns_a, glass_columns_a,
          glass_columns_b
D:8:      layout_basic, glass_columns_b, minmay_misc_feat_four_crosses,
          chequers_serial_rivers_micro_a, chequers_decorated_corner,
          hangedman_glass_teeth, uniq_maggie, uniq_prince_ribbit1
D:9:      minmay_ornate_pinched, layout_irregular_city, kennysheep_mini,
          uniq_erica

Skill      XL: |  1  2  3  4  5  6  7  8  9 10 |
---------------+-------------------------------+-----
Stealth        | 1 2 3 5 6 9 10 | 10.5
Short Blades   | 4 6 7 9 10 | 10.2
Dodging        | 5 8 |  8.0
Fighting       | 4 |  4.3
Shields        | 2 5 |  5.1
Throwing       | 4 |  4.1

Action                   |  1- 3 |  4- 6 |  7- 9 | 10-12 || total
-------------------------+-------+-------+-------+-------++-------
Melee: Short sword       |    48 |       |       |       ||    48
       Constrict         |    12 |    18 |    46 |    12 ||    88
       Tentacles         |     8 |    18 |    73 |    32 ||   131
       Dagger            |     5 |    83 |   239 |    91 ||   418
Invok: Berserk           |       |     2 |     5 |       ||     7
       Trog's Hand       |       |     1 |     1 |     2 ||     4
  Use: Potion            |       |       |       |     1 ||     1
 Stab: Sleeping          |    14 |     4 |    22 |    15 ||    55
       Distracted        |       |       |     5 |     1 ||     6
Armor: Skin              |     2 |     6 |     5 |     1 ||    14
Dodge: Dodged            |    26 |    63 |    97 |    39 ||   225
Block: Buckler           |       |       |       |     6 ||     6

Table legend: (Time is in decaauts)
 A = Elapsed time spent in this place.
 B = Non-inter-level travel time spent in this place.
 C = Inter-level travel time spent in this place.
 D = Time resting spent in this place.
 E = Time spent auto-exploring this place.
 F = Levels seen in this place.
 G = Mean time per level.
                   A        B        C        D        E       F      G
               +--------+--------+--------+--------+--------+-----+--------+
         Total |   8709 |   8512 |    197 |    801 |   6685 |  10 |  870.9 |
       Dungeon |   7887 |   7690 |    197 |    466 |   6342 |   9 |  876.3 |
       Ossuary |    821 |    821 |      0 |    334 |    343 |   1 |  821.0 |
               +--------+--------+--------+--------+--------+-----+--------+

Top non-repeatable levels by time:
     D:3: 1165 daAuts
     D:4: 1148 daAuts
     D:7: 963 daAuts
     D:8: 957 daAuts
     D:1: 944 daAuts
     D:2: 917 daAuts
     D:5: 834 daAuts
 Ossuary: 821 daAuts
     D:6: 780 daAuts
     D:9: 175 daAuts
